 Dungeon Crawl Stone Soup version 0.18-a0-1683-gf9322e6 (webtiles) character file.

63 Ratboiler the Grave Robber (level 3, -2/26 HPs)
             Began as a Draconian Wanderer on Apr 3, 2016.
             Slain by a gnoll
             ... wielding a +0 spear
              (5 damage)
             ... on level 2 of the Dungeon.
             The game lasted 00:13:28 (2003 turns).

Ratboiler the Grave Robber (Draconian Wanderer)     Turns: 2003, Time: 00:13:29

Health: -2/26      AC:  6    Str: 14    XL:     3   Next: 89%
Magic:  6/6        EV: 13    Int: 11    God:
Gold:   78         SH:  0    Dex: 12    Spells: 0 memorised, 6 levels left

rFire  . . .     SeeInvis .     a - +0 whip
rCold  . . .     Gourm    .     (armour unavailable)
rNeg   . . .     Faith    .     (no shield)
rPois  .         Spirit   .     (helmet restricted)
rElec  .         Dismiss  .     e - +0 cloak
rCorr  .         Reflect  .     (no gloves)
SustAt +         Harm     .     (no boots)
MR     .....                    (no amulet)
Stlth  +.........               (no ring)
                                r - ring of sustain attributes

@: not resistant to hostile enchantments, very unstealthy
A: unfitting armour, cold-blooded, AC +5
a: no special abilities


You were on level 2 of the Dungeon.
You were not hungry.

You visited 1 branch of the dungeon, and saw 2 of its levels.

You collected 78 gold pieces.

Inventory:

Hand Weapons
 a - a +0 whip (weapon)
 b - a +2 blowgun
Missiles
 i - 8 javelins (quivered)
 m - a curare-tipped needle
Armour
 e - a +0 cloak (worn)
Jewellery
 r - a ring of sustain attributes (left hand)
Scrolls
 h - a scroll of immolation {unknown}
 p - a scroll of fear {unknown}
 q - a scroll of remove curse {unknown}
Potions
 d - 2 potions of lignification
 l - a potion of flight {unknown}
 o - 2 potions of resistance
Books
 c - Nuv Yqeg's Volume of the Compass

   Spells                             Type                      Level
   a - Shroud of Golubria             Charms/Translocation         2
   b - Blink                          Translocation                2
Comestibles
 f - a bread ration
 g - a royal jelly
 j - a beef jerky
 k - 2 fruits
 n - a slice of pizza


   Skills:
 - Level 1.0 Throwing
 + Level 3.2 Dodging
 - Level 1.0 Stealth
 - Level 2.0 Spellcasting
   Level 1.0 Charms
   Level 4.0 Necromancy
   Level 1.0 Poison Magic


You had 6 spell levels left.
You didn't know any spells.

Dungeon Overview and Level Annotations

Branches:
Dungeon (2/15)

Altars:


Innate Abilities, Weirdness & Mutations

Your plain brown scales are hard (AC +5).
Your body does not fit into most forms of armour.
You are cold-blooded and may be slowed by cold attacks.


Message History

The gnoll misses you.
You barely miss the gnoll.
You tail-slap the gnoll, but do no damage.
The gnoll is severely wounded.
The gnoll hits you but does no damage.
You hit the gnoll but do no damage.
Your tail-slap misses the gnoll.
The gnoll is severely wounded.
The gnoll hits you with a spear.
* * * LOW HITPOINT WARNING * * *
You barely miss the gnoll.
Your tail-slap misses the gnoll.
The gnoll is severely wounded.
The gnoll completely misses you.
You hit the gnoll but do no damage.
You tail-slap the gnoll, but do no damage.
The gnoll is severely wounded.
The gnoll misses you.
You hit the gnoll but do no damage.
The gnoll is severely wounded.
The gnoll hits you with a spear.
You die...

#........# #..
.#........# #..
..........# #..
..........# #..
#.........# #..
#........# #.)
#.....g..# #..
.##.....@..# #..
...........# #. ##.
...##....### .#.## ##
......#.## ###.#..# #
.<....#..####...##.#####
##.##.........# #....##
#. ##.#.#....####....##
# #.#..............##
#.###.##..........#


You could see a gnoll.

Vanquished Creatures
  2 gnolls (D:2)
  An adder (D:2)
  4 dart slugs (D:1)
  5 goblins (D:1)
  4 hobgoblins (D:1)
  2 bats
  3 giant newts (D:1)
  3 kobolds (D:1)
  7 rats
31 creatures vanquished.

Notes
Turn   | Place    | Note
--------------------------------------------------------------
     0 | D:1      | Ratboiler the Draconian Wanderer began the quest for the Orb.
     0 | D:1      | Ratboiler set off with: a curare-tipped needle, a +2 blowgun, Nuv Yqeg's Volume of the Compass, a potion of lignification, a bread ration
     0 | D:1      | Reached XP level 1. HP: 14/14 MP: 3/3
   169 | D:1      | Reached skill level 1 in Dodging
   319 | D:1      | Reached XP level 2. HP: 20/20 MP: 5/5
   414 | D:1      | HP: 1/20 [kobold/whip (4)]
  1226 | D:1      | Reached XP level 3. HP: 21/26 MP: 6/6
  1679 | D:2      | HP: 1/26 [gnoll/spear (5)]
  2003 | D:2      | Slain by a gnoll

Vault maps used:
D:1:      mrwooster_arrival_arrow, serial_co_window_serial,
          co_window_of_opportunity_a, co_window_corner_a, co_window_paths_b,
          co_window_corner_a, co_window_paths_b, co_window_paths_b,
          co_window_paths_c, co_window_paths_c, co_window_corner_b,
          co_window_of_opportunity_c, co_window_4corner_a, st_stairs_12,
          minmay_fountain_box
D:2:      old_standard_altar, first_bread, uniq_crazy_yiuf_cottage

Skill      XL: |  1  2  3 |
---------------+----------+-----
Dodging        | 1 2 3 |  3.2
Throwing       | |  1.0
Stealth        | |  1.0
Spellcasting   | |  2.0
Charms         | |  1.0
Necromancy     | |  4.0
Poison Magic   | |  1.0

Action                   || total
-------------------------++-------
Melee: Unarmed           ||    52
       Whip              ||   117
  Use: Scroll            ||     2
       Potion            ||     1
 Stab: Sleeping          ||     4
  Eat: Chunk             ||     4
